 Dungeon Crawl Stone Soup version 0.30-a0-930-gb9d0489357 (webtiles) character file.

Game seed: 1058970586800805277

206 mopl the Slasher (level 5, -2/41 HPs)
             Began as a Merfolk Fighter on Mar 23, 2023.
             Slain by a kobold brigand
             ... wielding a +1 dagger of pain
              (3 damage)
             ... in a sewer.
             The game lasted 00:03:22 (1721 turns).

mopl the Slasher (Merfolk Fighter)                  Turns: 1721, Time: 00:03:22

Health: -2/41      AC:  9    Str: 17    XL:     5   Next: 84%
Magic:  5/5        EV:  8    Int: 12    God:
Gold:   84         SH:  4    Dex: 12    Spells: 4/4 levels left

rFire   x . .      SeeInvis .    a - +0 long sword
rCold   . . .      Faith    .    c - +0 buckler
rNeg    . . .      Spirit   .    t - +0 chain mail
rPois   .          Reflect  .    (no helmet)
rElec   .          Rampage  .    (no cloak)
rCorr   +          Rage     3%   q - +0 pair of gloves
Will    .....                    (boots currently unavailable) Stlth
                                 m - amulet of the acrobat
HPRegen 0.26/turn                s - ring of resist corrosion
MPRegen 0.09/turn                (no ring)

@: lethally poisoned (-2 -> -2), hasted, very quick
A: nimble swimmer 2, mertail, berserk 1, clever 1, heat vulnerability 1
a: no special abilities


You were in a sewer.
You visited 1 branch of the dungeon, and saw 3 of its levels.
You also visited: Sewer.

You collected 84 gold pieces.

Inventory:

Hand Weapons
 a - a +0 long sword (weapon)
Missiles
 h - 3 atropa-tipped darts
 j - 3 poisoned darts (quivered)
 n - 2 datura-tipped darts
Armour
 c - a +0 buckler (worn)
 q - a +0 pair of gloves (worn)
 t - a +0 chain mail (worn)
Jewellery
 m - an amulet of the acrobat (around neck)
 s - a ring of resist corrosion (left hand)
Wands
 b - a wand of acid (7)
Scrolls
 i - a scroll of magic mapping {unknown}
 k - 2 scrolls of summoning {unknown}
 o - 4 scrolls of fog {unknown}
 p - a scroll of blinking {unknown}
 r - 2 scrolls of identify {unknown}
 u - 3 scrolls of enchant armour {unknown}
 x - a scroll of amnesia {unknown}
 y - a scroll of enchant weapon {unknown}
Potions
 d - a potion of might
 f - a potion of resistance {unknown}
 g - a potion of lignification {!q}
 l - 2 potions of mutation {!q}
 v - a potion of heal wounds {unknown}
 w - a potion of brilliance {unknown}


   Skills:
 - Level 3.2 Fighting
 * Level 7.1 Long Blades
 - Level 2.1 Armour
 - Level 3.0 Shields


You had 4 spell levels left.
You didn't know any spells.
Your spell library contained the following spells:

 Spells                   Type           Power      Damage    Failure   Level
 Slow                     Hex            0%         N/A       100%        1
 Confusing Touch          Hex            0%         N/A       100%        3
 Vampiric Draining        Necr           0%         2d6       100%        3


Dungeon Overview and Level Annotations

Branches:
Dungeon (3/15)              Sewer (1/1)

Altars:
Vehumet


Innate Abilities, Weirdness & Mutations

You are very nimble when in or above water. (Stealth+, EV+, Speed+++)
Your lower body shifts to a powerful aquatic tail in water.
You sometimes lose your temper in combat.
Your mind is acute. (Int +4, Str/Dex -1)
You are vulnerable to heat. (rF-)


Message History

You feel sick. The kobold brigand barely misses you.
You barely miss the kobold brigand.
The kobold brigand is moderately wounded.
You feel very sick.
You hit the kobold brigand.
The kobold brigand is heavily wounded.
You feel sick.
The kobold brigand hits you with a +1 dagger of pain.
* * * LOW HITPOINT WARNING * * *
You hit the kobold brigand but do no damage.
The kobold brigand is heavily wounded.
* * * LOW HITPOINT WARNING * * *
You feel sick.
The kobold brigand splashes around in the water.
It was a potion of mutation.
You feel extremely strange.
You feel vulnerable to heat.
You feel clever.
You feel a little pissed off.
* * * LOW HITPOINT WARNING * * *
You feel sick.
The kobold brigand hits you with a +1 dagger of pain.
* * * LOW HITPOINT WARNING * * *
You barely miss the kobold brigand.
Your tail-slap misses the kobold brigand.
The kobold brigand is heavily wounded.
* * * LOW HITPOINT WARNING * * *
You feel sick.
It was a potion of lignification.
You feel woody for a moment.
* * * LOW HITPOINT WARNING * * *
You feel sick. You block the kobold brigand's attack.
You barely miss the kobold brigand.
You tail-slap the kobold brigand, but do no damage.
The kobold brigand is heavily wounded.
* * * LOW HITPOINT WARNING * * *
You feel sick.
The kobold brigand looks more energetic.
The kobold brigand closely misses you.
It was a potion of haste.
You feel yourself speed up.
* * * LOW HITPOINT WARNING * * *
You feel sick.
The kobold brigand hits you with a +1 dagger of pain.
You die...

#...~.####.∩~..#####....~####
#.....†≈≈≈.~∩.~≈≈≈≈≈~..~.~~~†
#~...)####~...~#####..~.~####
##~..## ##~~.#######.~~## #
##~## ##≈####.####≈## #~#
#≈###..)###≈# #~#
#≈##..∩..~≈≈# #~#
#≈###...###≈# ##~##
##@####~####≈## ##...##
##~K.#######.~~## #
#.~..~####....~#####.....####
#.....~~~~.~..~≈≈≈≈≈~.∩..~~~~
#~..~.####.....#####....~####
##~..## ##.(~## ##..~## #
##### ##~## ##~## #~# #~# #~#
#~#


You could see a kobold brigand (poisoned).

Vanquished Creatures
  A kobold brigand (Sewer)
  Jessica (D:2)
  2 adders
  2 river rats (D:3)
  4 worms
  An orc (D:3)
  6 ball pythons
  3 bats
  4 endoplasms (Sewer)
  5 giant cockroaches
  3 goblins
  6 hobgoblins
  6 quokkas
  3 frilled lizards
  5 kobolds
  9 rats
61 creatures vanquished.

Vanquished Creatures (collateral kills)
  2 kobolds (Sewer)
2 creatures vanquished.

Vanquished Creatures (others)
  2 plants (D:3)
2 creatures vanquished.

Grand Total: 65 creatures vanquished

Notes
Turn   | Place    | Note
-------+----------+-------------------------------------------
     0 | D:1      | mopl the Merfolk Fighter began the quest for the Orb.
     0 | D:1      | Reached XP level 1. HP: 18/18 MP: 1/1
    32 | D:1      | Found a faded altar of an unknown god.
    63 | D:1      | Reached skill level 3 in Long Blades
   101 | D:1      | Reached XP level 2. HP: 12/24 MP: 2/2
   305 | D:1      | You fall into a shaft and drop 1 floor!
   370 | D:2      | Reached skill level 4 in Long Blades
   456 | D:1      | Reached XP level 3. HP: 29/29 MP: 3/3
   807 | D:2      | Found a radiant altar of Vehumet.
  1064 | D:2      | Noticed Jessica
  1070 | D:2      | Killed Jessica
  1071 | D:2      | Reached skill level 5 in Long Blades
  1071 | D:2      | Reached XP level 4. HP: 33/35 MP: 4/4
  1398 | D:3      | Found a glowing drain.
  1454 | Sewer    | Entered a sewer
  1469 | Sewer    | Reached skill level 6 in Long Blades
  1556 | Sewer    | Reached XP level 5. HP: 23/41 MP: 5/5
  1607 | Sewer    | Noticed a kobold brigand
  1634 | Sewer    | Killed a kobold brigand
  1635 | Sewer    | Reached skill level 7 in Long Blades
  1672 | Sewer    | Noticed a kobold brigand
  1717 | Sewer    | Gained mutation: You are vulnerable to heat. (rF-) [potion
                  | of mutation]
  1717 | Sewer    | Gained mutation: Your mind is acute. (Int +4, Str/Dex -1)
                  | [potion of mutation]
  1717 | Sewer    | Gained mutation: You sometimes lose your temper in combat.
                  | [potion of mutation]
  1720 | Sewer    | HP: 2/41 [poisoned by a kobold brigand]
  1721 | Sewer    | Slain by a kobold brigand

Illustrated notes

Levels and vault maps discovered:
D:1:      kennysheep_arrival_forest, layout_rooms, ebering_ecumenical_altar_box
D:2:      layout_basic, basic_altar, kennysheep_jessica_study
D:3:      layout_basic, vehumet_statue, gup_sewer_entry_bubbles,
          kennysheep_cross_room, serial_bayou_crossing
Sewer:    sewer_co_15_rooms

Skill      XL: |  1  2  3  4  5 |
---------------+----------------+-----
Long Blades    | 3 4 5 6 7 |  7.1
Fighting       | |  3.2
Armour         | |  2.1
Shields        | |  3.0

Action                     |  1- 3 |  4- 6 || total
---------------------------+-------+-------++-------
  Melee: Long sword        |    93 |   140 ||   233
         Tailslap          |       |    13 ||    13
  Throw: Dart              |       |    11 ||    11
    Use: Potion            |       |     3 ||     3
 Armour: Scale mail        |    54 |    11 ||    65
         Chain mail        |       |    52 ||    52
  Dodge: Dodged            |    66 |    63 ||   129
  Block: Buckler           |    23 |    22 ||    45

Table legend: (Time is in decaauts)
 A = Elapsed time spent in this place.
 B = Non-inter-level travel time spent in this place.
 C = Inter-level travel time spent in this place.
 D = Time resting spent in this place.
 E = Time spent auto-exploring this place.
 F = Levels seen in this place.
 G = Mean time per level.
                   A        B        C        D        E       F      G
               +--------+--------+--------+--------+--------+-----+--------+
         Total |   1711 |   1614 |     97 |     41 |    976 |   4 |  427.8 |
       Dungeon |   1476 |   1379 |     97 |     41 |    890 |   3 |  492.0 |
         Sewer |    234 |    234 |      0 |      0 |     85 |   1 |  234.0 |
               +--------+--------+--------+--------+--------+-----+--------+

Top non-repeatable levels by time:
     D:2: 668 daAuts
     D:1: 604 daAuts
   Sewer: 234 daAuts
     D:3: 204 daAuts
